 Dungeon Crawl Stone Soup version 0.29-a0-92-gee772dd00f (webtiles) character file.

Game seed: 11863377623883371753

13 cyrus the Shield-Bearer (level 2, 0/25 HPs)
             Began as a Djinni Fighter on Feb 10, 2022.
             Was a Follower of Jiyva.
             Killed from afar by Sigmund (10 damage)
             ... with a magic dart
             ... on level 2 of the Dungeon.
             The game lasted 00:02:57 (815 turns).

cyrus the Shield-Bearer (Djinni Fighter)             Turns: 815, Time: 00:02:57

Health: 0/25       AC:  6    Str: 15    XL:     2   Next: 50%
Gold:   13         EV:  8    Int:  9    God:    Jiyva [*.....] SH:  4 Dex: 12

rFire   + + .      SeeInvis .   a - +0 long sword
rCold   x . .      Faith    .   c - +0 buckler
rNeg    . . .      Spirit   .   b - +0 scale mail
rPois   ∞          Reflect  .   (no helmet)
rElec   .          Harm     .   (no cloak)
rCorr   .          Rampage  .   (no gloves)
Will    .....                   (boots unavailable)
Stlth   ..........              (no amulet)
HPRegen 0.88/turn               (no ring)
MPRegen 0.00/turn               (no ring)

@: mighty, flying
A: sickness immunity, fire resistance 2, cold vulnerability 1, float, innate
caster, HP casting, extra vitality 1
a: Renounce Religion


You were on level 2 of the Dungeon.
You worshipped Jiyva.
Jiyva was aware of your devotion.
You visited 1 branch of the dungeon, and saw 2 of its levels.

You collected 13 gold pieces.

Inventory:

Hand Weapons
 a - a +0 long sword (weapon)
Armour
 b - a +0 scale mail (worn)
 c - a +0 buckler (worn)
Scrolls
 f - a scroll of vulnerability {unknown}
 g - 2 scrolls of identify {unknown}
 h - a scroll of immolation {unknown}
Potions
 e - a potion of curing {unknown}


   Skills:
 + Level 3.2 Fighting
 + Level 2.1 Long Blades
 + Level 3.0 Armour
 + Level 3.2 Shields


You had one spell level left.
You didn't know any spells.
Your spell library was empty.

Dungeon Overview and Level Annotations

Branches:
Dungeon (2/15)

Altars:
Jiyva

Annotations:
D:2 Sigmund


Innate Abilities, Weirdness & Mutations

You are immune to sickness and miasma.
You are immune to poison.
Your flesh is very heat resistant. (rF++)
You are vulnerable to cold. (rC-)
You float through the air rather than walking.
You learn spells naturally, not from books.
Your magical power is your life essence.
You have superior vitality. (+4 MHP)


Message History

Sigmund the Dreaded comes into view.
He is wielding a +3 scythe of venom and carrying a wand of polymorph (8).
Sigmund is nearby!
Sigmund points at you and mumbles some strange words.
You are confused.
Are you sure you want to stumble around while confused and next to the jelly?
This could place you under penance!
You're too confused to move!
Sigmund laughs darkly.
Are you sure you want to stumble around while confused and next to the jelly?
This could place you under penance!
You feel very mighty all of a sudden.
You hear a distant slurping noise.
Sigmund closely misses you.
Sigmund hits you with a +3 scythe of venom!
You feel less confused. You block Sigmund's attack.
Sigmund zaps a wand.
You resist with significant effort.
You closely miss Sigmund.
Sigmund says, "Your kind have come here before.
I understand now why.
You desire death..."
Sigmund hits you but does no damage.
You hear a distant slurping noise.
You slash Sigmund!
Sigmund is heavily wounded.
Sigmund closely misses you.
You hit Sigmund but do no damage.
Sigmund is heavily wounded.
Sigmund hits you with a +3 scythe of venom.
You closely miss Sigmund.
Sigmund is heavily wounded.
Sigmund misses you.
You closely miss Sigmund.
Sigmund is heavily wounded.
You hear a distant slurping noise.
You slash Sigmund!
Sigmund is severely wounded.
Sigmund zaps a wand.
You resist with significant effort.
Sigmund hits you with a +3 scythe of venom!
You closely miss Sigmund.
Sigmund is severely wounded.
Sigmund points at you and mumbles some strange words.
The magic dart hits you!
You die...

..#####.##..........# ..#
#.....##......# ...
###...........# ##..
.....#...<...#
#.......#.........#######
.##....#..##.##......J..
#.......##.##.........
#...........#.........
....###.##.@@.......##
#..............#
#......#...###..
.............# #.
#...........J..
..#..........#..
..............##.
###...........#
.............


You could see Sigmund and a neutral endoplasm (wandering)(fellow slime).

Vanquished Creatures
  2 bats
  A goblin (D:1)
  4 jackals (D:2)
  3 ball pythons
  3 frilled lizards (D:1)
13 creatures vanquished.

Vanquished Creatures (others)
  A rat (D:2)
  2 demonic plants (D:1)
3 creatures vanquished.

Grand Total: 16 creatures vanquished

Notes
Turn   | Place    | Note
-------+----------+-------------------------------------------
     0 | D:1      | cyrus the Djinni Fighter began the quest for the Orb.
     0 | D:1      | Reached XP level 1. HP: 20/20 MP: 0/0
   344 | D:1      | Found a faded altar of an unknown god.
   344 | D:1      | Noticed an orange demon
   355 | D:1      | Prayed at the altar of an unknown god.
   355 | D:1      | Became a worshipper of Jiyva Judin the Shapeless
   355 | D:1      | Reached * piety under Jiyva
   716 | D:2      | Reached XP level 2. HP: 25/25 MP: 0/0
   799 | D:2      | Noticed Sigmund
   815 | D:2      | Killed from afar by Sigmund

Illustrated notes

Levels and vault maps discovered:
D:1:      lightli_arrival_statuegarden, layout_basic,
          dreamdust_ecumenical_altar_sealed_demon
D:2:      layout_rooms, kennysheep_generic_room_2, uniq_terence, uniq_sigmund

Skill      XL: |  1 |
---------------+----+-----
Long Blades    | 2 |  2.1
Fighting       | |  3.2
Armour         | |  3.0
Shields        | |  3.2

Action                   || total
-------------------------++-------
Melee: Long sword        ||    43
  Use: Potion            ||     1
Armor: Scale mail        ||    36
Dodge: Dodged            ||    28
Block: Buckler           ||    13

Table legend: (Time is in decaauts)
 A = Elapsed time spent in this place.
 B = Non-inter-level travel time spent in this place.
 C = Inter-level travel time spent in this place.
 D = Time resting spent in this place.
 E = Time spent auto-exploring this place.
 F = Levels seen in this place.
 G = Mean time per level.
                   A        B        C        D        E       F      G
               +--------+--------+--------+--------+--------+-----+--------+
         Total |    829 |    829 |      0 |      0 |    645 |   2 |  414.5 |
       Dungeon |    829 |    829 |      0 |      0 |    645 |   2 |  414.5 |
               +--------+--------+--------+--------+--------+-----+--------+

Top non-repeatable levels by time:
     D:1: 712 daAuts
     D:2: 116 daAuts
